 Dungeon Crawl Stone Soup version 0.28.0 (webtiles) character file.

Game seed: 7192676634888841713

2636 Cykl0x the Digger (level 9, 0/54 HPs)
             Began as a Gargoyle Earth Elementalist on Feb 17, 2022.
             Was a Follower of the Shining One.
             Slain by Harold (12 damage)
             ... on level 7 of the Dungeon.
             The game lasted 00:19:58 (7839 turns).

Cykl0x the Digger (Gargoyle Earth Elementalist)     Turns: 7839, Time: 00:19:59

Health: 0/54       AC: 11    Str: 18    XL:     9   Next: 61%
Magic:  3/17       EV:  9    Int: 18    God:    the Shining One [*.....]
Gold:   849        SH:  6    Dex:  7    Spells: 10/18 levels left

rFire   . . .      SeeInvis +   p - +5 falchion of the Undead {venom, rPois Str+4 Dex-3}
rCold   . . .      Faith    .   x - +0 kite shield
rNeg    + . .      Spirit   .   w - +0 ring mail
rPois   ∞          Reflect  .   (no helmet)
rElec   +          Harm     .   (no cloak)
rCorr   .          Rampage  .   (no gloves)
Will    .....                   (no boots)
Stlth   +.........              (no amulet)
HPRegen 0.18/turn               t - ring of wizardry
MPRegen 0.15/turn               d - ring of see invisible

@: glowing
A: sickness immunity, AC +6, negative energy resistance 1, electricity
resistance, torment resistance 1, petrification resistance
a: Renounce Religion, Divine Shield


You were on level 7 of the Dungeon.
You worshipped the Shining One.
The Shining One was aware of your devotion.
You visited 2 branches of the dungeon, and saw 8 of its levels.

You collected 1101 gold pieces.
You spent 252 gold pieces at shops.

Inventory:

Hand Weapons
 a - a +0 short sword
 e - a +3 dagger of protection
 p - the +5 falchion of the Undead (weapon) {venom, rPois Str+4 Dex-3}
   (You found it on level 7 of the Dungeon)

   It poisons the flesh of those it strikes.
   Str:       It affects your strength (+4).
   Dex:       It affects your dexterity (-3).
   rPois:     It protects you from poison.
Missiles
 c - 148 stones
 y - a throwing net
Armour
 b - a +0 robe
 j - a +0 leather armour of fire resistance
 w - a +0 ring mail (worn)
 x - a +0 kite shield (worn)
Jewellery
 d - a ring of see invisible (right hand)
 r - a +6 ring of intelligence
 t - a ring of wizardry (left hand)
 v - a ring of protection from fire
 A - a ring of flight
Scrolls
 f - a scroll of immolation
 o - a scroll of teleportation
 q - 3 scrolls of magic mapping
 s - 4 scrolls of identify
 z - a scroll of fear
Potions
 g - 2 potions of curing
 h - a potion of ambrosia
 i - a potion of attraction
 k - 2 potions of brilliance {unknown}
 l - 2 potions of invisibility {unknown}
 m - 3 potions of haste {unknown}
 n - a potion of resistance
 u - a potion of might {unknown}


   Skills:
 * Level 5.3 Fighting
 - Level 0.7(1.6) Short Blades
 + Level 2.2(2.3) Long Blades
 + Level 2.6 Armour
 + Level 2.3 Dodging
 - Level 2.1 Stealth
 + Level 1.0 Shields
 + Level 0.2 Unarmed Combat
 + Level 5.4 Spellcasting
 * Level 7.0 Conjurations
 - Level 0.7 Transmutations
 + Level 7.5 Earth Magic
 * Level 3.2 Invocations


You had 10 spell levels left.
You knew the following spells:

 Your Spells              Type           Power      Damage    Failure   Level
a - Sandblast             Erth           64%        2d14      1%          1
b - Stone Arrow           Conj/Erth      62%        3d10      4%          3
c - Magic Dart            Conj           100%       1d8       1%          1
d - Mephitic Cloud        Conj/Pois/Air  13%        N/A       32%         3

Your spell library contained the following spells:

 Spells                   Type           Power      Damage    Failure   Level
 Passwall                 Tmut/Erth      15%        N/A       9%          2
 Summon Small Mammal      Summ           16%        N/A       30%         1
 Call Imp                 Summ           4%         N/A       41%         2
 Petrify                  Tmut/Erth      19%        N/A       45%         4
 Call Canine Familiar     Summ           4%         N/A       65%         3
 Portal Projectile        Hex/Tloc       8%         N/A       65%         3
 Summon Guardian Golem    Hex/Summ       4%         N/A       65%         3
 Tukima's Dance           Hex            4%         N/A       65%         3
 Anguish                  Hex/Necr       2%         N/A       95%         4
 Blade Hands              Tmut           3%         N/A       99%         5
 Excruciating Wounds      Necr           2%         N/A       100%        5
 Enfeeble                 Hex            2%         N/A       100%        7


Dungeon Overview and Level Annotations

Branches:
Dungeon (7/15)             Temple (1/1) D:5

Altars:
Ashenzari
Elyvilon
Gozag
Hepliaklqana
Qazlal
Ru
Vehumet
Wu Jian
Xom
Yredelemnul
Zin
The Shining One

Shops:
D:6 :

Annotations:
D:3 1 runed translucent door, Crazy Yiuf, Jessica
D:5 3 runed translucent doors, BorgnjorsVileCrotch's ghost, amateur GnTm; mfcas's ghost, novice MiFi
D:7 Harold


Innate Abilities, Weirdness & Mutations

You are immune to sickness and miasma.
Your stone body is resilient. (AC +6)
You are immune to poison.
You resist negative energy. (rN+)
You are resistant to electric shocks. (rElec)
You are resistant to unholy torment.
You are immune to petrification.


Message History

The stone arrow hits Prince Ribbit!!
You kill Prince Ribbit!
Prince Ribbit returns to his original shape as he dies.
Your Shields skill increases to level 1!
Your Conjurations skill increases to level 7!
Your Invocations skill increases to level 3!
Harold the Weathered comes into view.
He is wielding a +0 dire flail.
Harold fires a harpoon shot at you. The harpoon shot misses you.
You see here the human corpse of Prince Ribbit.
Casting: Stone Arrow (dangerous; 4% risk of failure)
Confirm with . or Enter, or press ? or * to list all spells.
Aiming: Mephitic Cloud (dangerous; 32% risk of failure)
Press: ? - help, Shift-Dir - straight line, f - Harold
Aim: Harold, wielding a +0 dire flail, wearing a +0 ring mail and quivering 2 throwing nets (chance to affect: 58%)
The ball explodes into a vile cloud!
The stinking cloud engulfs Harold but does no damage.
Harold is engulfed in noxious fumes.
Harold appears confused.
You hit Harold.
Harold is poisoned.
Harold is lightly wounded.
Harold is engulfed in noxious fumes.
Harold appears confused.
Harold hits you with a +0 dire flail!
Harold is engulfed in noxious fumes.
Harold appears confused.
Harold hits you with a +0 dire flail!
You hit Harold.
Harold looks as sick as possible!
Harold is lightly wounded.
Harold is engulfed in noxious fumes.
Harold appears confused.
You hit Harold.
Harold looks as sick as possible!
Harold is moderately wounded.
Harold is engulfed in noxious fumes.
Harold hits you with a +0 dire flail!
Harold is engulfed in noxious fumes.
Harold appears confused.
Harold gestures wildly.
You are too injured to fight recklessly!
You are too injured to fight recklessly!
Unknown command.
You slash Harold!
Harold is moderately wounded.
Harold hits you with a +0 dire flail!
* * * LOW HITPOINT WARNING * * *
You feel better. Harold hits you with a +0 dire flail!
You die...

# .# ###. ##. #..
... #@# #.# ##. #@#
#.# #.# ####.#####.
#†######..........
#.##..........##.#
#.##.#.#.......<..
#.##.#........###.
#.##.#...).)..#
######.##.#.....)..#
#..................#


You could see Harold (confused, extremely poisoned).

Vanquished Creatures
  Prince Ribbit (D:7)
  Sigmund (D:2)
  2 ice beasts
  2 sky beasts
  A black bear (D:3)
  An ogre (D:5)
  2 necrophages
  2 kobold brigands
  2 bullfrogs (D:6)
  3 scorpions
  A gnoll sergeant (D:5)
  A wyvern skeleton (D:6)
  5 wights (D:7)
  A centaur zombie (D:7)
  2 bullfrog skeletons
  3 orc priests
  4 centaur skeletons
  2 iguanas
  Terence (D:2)
  7 orc wizards
  A hound skeleton (D:4)
  9 gnolls
  A howler monkey skeleton (D:3)
  5 adders
  2 adder skeletons
  A worm (D:4)
  2 dart slugs (D:5)
  15 orcs
  8 ball pythons
  7 bats
  6 endoplasms
  5 goblins
  5 hobgoblins
  19 kobolds
  A quokka (D:2)
  4 frilled lizards
  2 rats
137 creatures vanquished.

Notes
Turn   | Place    | Note
-------+----------+-------------------------------------------
     0 | D:1      | Cykl0x the Gargoyle Earth Elementalist began the quest for
                  | the Orb.
     0 | D:1      | Reached XP level 1. HP: 10/10 MP: 3/3
   210 | D:1      | Reached XP level 2. HP: 15/15 MP: 3/5
   415 | D:1      | Reached skill level 1 in Conjurations
   886 | D:2      | Noticed Sigmund
  1043 | D:2      | Reached XP level 3. HP: 20/20 MP: 2/6
  1047 | D:2      | Learned a level 3 spell: Stone Arrow
  1196 | D:2      | Noticed Terence
  1208 | D:2      | Killed Terence
  1440 | D:2      | Killed Sigmund
  1441 | D:2      | Reached skill level 5 in Earth Magic
  1441 | D:2      | Reached XP level 4. HP: 20/26 MP: 0/8
  1441 | D:2      | Reached XP level 5. HP: 23/30 MP: 0/9
  1526 | D:2      | Found a faded altar of an unknown god.
  1826 | D:3      | Noticed a black bear
  1830 | D:3      | Killed a black bear
  1831 | D:3      | Reached XP level 6. HP: 36/36 MP: 0/11
  2390 | D:3      | Found a runed translucent door.
  2391 | D:3      | Noticed Crazy Yiuf
  2392 | D:3      | Noticed Jessica
  2475 | D:3      | Found a hazy altar of Hepliaklqana.
  3383 | D:4      | Identified the +2 spear of Satyriasis {drain, rC+}
  3520 | D:4      | Noticed a sky beast
  3522 | D:4      | Killed a sky beast
  3523 | D:4      | Reached XP level 7. HP: 40/40 MP: 5/12
  4360 | D:4      | Identified a scroll of acquirement
  4360 | D:4      | Acquired 818 gold pieces
  4367 | D:5      | Entered Level 5 of the Dungeon
  4476 | D:5      | Reached skill level 1 in Armour
  4586 | D:5      | Found an ornate altar of the Wu Jian Council.
  4630 | D:5      | Found an opulent altar of Gozag.
  4698 | D:5      | Reached XP level 8. HP: 44/46 MP: 0/14
  4802 | D:5      | Reached skill level 5 in Conjurations
  4909 | D:5      | Found a staircase to the Ecumenical Temple.
  4936 | Temple   | Entered the Ecumenical Temple
  4967 | Temple   | Became a worshipper of the Shining One
  5008 | D:5      | Found a runed translucent gate.
  5008 | D:5      | Found a runed translucent gate.
  5011 | D:5      | Found a runed translucent gate.
  5013 | D:5      | Noticed mfcas's ghost (novice MiFi)
  5013 | D:5      | Noticed BorgnjorsVileCrotch's ghost (amateur GnTm)
  5343 | D:5      | Reached skill level 1 in Invocations
  5497 | D:6      | Identified the +0 lajatang of Wawir {venom, rN+ Int+4}
  5593 | D:6      | Found a shimmering altar of Xom.
  5593 | D:6      | Found a glowing silver altar of Zin.
  5593 | D:6      | Noticed an angel
  5604 | D:6      | Reached skill level 5 in Spellcasting
  6318 | D:6      | Reached XP level 9. HP: 43/52 MP: 0/16
  6569 | D:6      | Found Qigen's Book Shoppe.
  6577 | D:6      | Bought a book of Minor Magic for 252 gold pieces
  6580 | D:6      | Learned a level 1 spell: Magic Dart
  6584 | D:6      | Learned a level 3 spell: Mephitic Cloud
  6669 | D:7      | Identified the +5 falchion of the Undead {venom, rPois
                  | Str+4 Dex-3}
  7167 | D:7      | Reached skill level 1 in Long Blades
  7181 | D:7      | Reached * piety under the Shining One
  7257 | D:7      | Reached skill level 5 in Fighting
  7822 | D:7      | Noticed Prince Ribbit
  7828 | D:7      | Killed Prince Ribbit
  7829 | D:7      | Reached skill level 1 in Shields
  7830 | D:7      | Noticed Harold
  7839 | D:7      | Slain by Harold

Illustrated notes

Levels and vault maps discovered:
D:1:      psy_arrival_fountain, layout_rooms, roderic_cross_of_infinity,
          grunt_decor_one_mirror, minmay_pentomino_u2
D:2:      layout_rooms, ebering_ecumenical_altar_box, uniq_sigmund, uniq_terence
D:3:      layout_loops_ring, mainiacjoe_overflow_alcove_1,
          uniq_crazy_yiuf_cottage, uniq_jessica
D:4:      layout_rooms
D:5:      layout_rooms, nicolae_overflow_hidden_temple,
          minmay_temple_entry_mist, gammafunk_ghost_cemetery
D:6:      layout_rooms, grunt_temple_overflow_order_and_chaos_1, serial_shops,
          shop, kennysheep_generic_room_10
D:7:      layout_loops_ring, uniq_prince_ribbit1, uniq_harold
Temple:   nicolae_temple_hex_pool

Skill      XL: |  1  2  3  4  5  6  7  8  9 |
---------------+----------------------------+-----
Earth Magic    | 4 5 6 7 |  7.5
Conjurations   | 1 2 3 4 6 7 |  7.0
Fighting       | 2 3 4 5 |  5.3
Spellcasting   | 3 4 5 |  5.4
Dodging        | 2 |  2.3
Armour         | 1 2 |  2.6
Invocations    | 2 3 |  3.2
Long Blades    | 2 |  2.2
Shields        | 1 |  1.0
Short Blades   | |  0.7
Stealth        | |  2.1
Unarmed Combat | |  0.2
Transmutations | |  0.7

Action                   |  1- 3 |  4- 6 |  7- 9 || total
-------------------------+-------+-------+-------++-------
Melee: Unarmed           |    12 |       |       ||    12
       Short sword       |     1 |       |       ||     1
       Dagger            |       |    13 |    69 ||    82
       Falchion          |       |       |    50 ||    50
 Cast: Sandblast         |    27 |    16 |    10 ||    53
       Stone Arrow       |     8 |    30 |   106 ||   144
       Magic Dart        |       |       |     7 ||     7
       Mephitic Cloud    |       |       |     7 ||     7
  Use: Scroll            |     4 |     3 |     8 ||    15
       Potion            |       |       |     1 ||     1
Armor: Robe              |     4 |     5 |       ||     9
       Leather armour    |       |     4 |       ||     4
       Ring mail         |       |       |    72 ||    72
Dodge: Dodged            |    13 |    18 |    49 ||    80
Block: Kite shield       |       |       |    24 ||    24
